 Dungeon Crawl Stone Soup version 0.30-a0-52-g86a8295270 (webtiles) character file.

Game seed: 6629537455276924669

3 MrFrogsmire the Trooper (level 1, 0/22 HPs)
             Began as a Meteoran Wanderer on Sept 7, 2022.
             Slain by an endoplasm (1 damage)
             ... on level 1 of the Dungeon.
             The game lasted 00:00:56 (75 turns).

MrFrogsmire the Trooper (Meteoran Wanderer)           Turns: 75, Time: 00:00:57

Health: 0/22       AC:  3    Str: 14    XL:     1   Next: 71%
Magic:  2/2        EV: 11    Int: 11    God:
Gold:   0          SH:  0    Dex: 14    Spells: 0/0 levels left

rFire   . . .      SeeInvis .    a - +3 spear
rCold   . . .      Faith    .    (no shield)
rNeg    . . .      Spirit   .    e - +0 leather armour
rPois   .          Reflect  .    (no helmet)
rElec   .          Harm     .    (no cloak)
rCorr   .          Rampage  .    (no gloves)
Will    .....                    (no boots)
Stlth   +.........               (no amulet)
HPRegen 0.07/turn                (no ring)
MPRegen 0.08/turn                (no ring)

@: glowing
A: sense surroundings 1, otherworldly, glowing, explore regen
a: no special abilities


You were on level 1 of the Dungeon.
You visited 1 branch of the dungeon, and saw 1 of its levels.

Inventory:

Hand Weapons
 a - a +3 spear (weapon)
Missiles
 b - 9 boomerangs (quivered)
Armour
 e - a +0 leather armour (worn)
Scrolls
 d - a scroll of silence


   Skills:
 + Level 4.6 Fighting
 + Level 2.4 Polearms
 + Level 1.2 Throwing
 + Level 1.2 Armour
 + Level 1.2 Invocations
 + Level 1.2 Evocations


You couldn't memorise any spells.
You didn't know any spells.
Your spell library was empty.

Dungeon Overview and Level Annotations

Branches:
Dungeon (1/15) Zot: 524

Altars:


Innate Abilities, Weirdness & Mutations

You passively map a small area around you.
You are easily found by Zot.
You glow in the dark.
You regain HP and MP as you explore.


Message History

You hit the kobold.
You kill the kobold!
The bat barely misses you.
You hit the bat.
You kill the bat!
Things that are here:
a +0 short sword; 5 stones; a bat corpse An endoplasm comes into view.
A quokka comes into view.
Found a puce potion.
The endoplasm quivers.
The goblin hits you with a +0 dagger.
You puncture the goblin!
You kill the goblin!
An endoplasm comes into view.
You see here a +0 dagger.
The endoplasm freezes you.
You are frozen.
You miss the quokka. The quokka closely misses you.
The endoplasm hits you but does no damage.
The quokka misses you.
You closely miss the quokka. The endoplasm closely misses you.
The quokka bites you.
You closely miss the quokka. The endoplasm hits you.
The endoplasm hits you but does no damage.
The quokka bites you.
You hit the quokka.
The quokka is almost dead.
The endoplasm closely misses you. The endoplasm freezes you.
You are frozen.
* * * LOW HITPOINT WARNING * * *
The quokka bites you.
* * * LOW HITPOINT WARNING * * *
You hit the endoplasm.
The endoplasm is severely wounded.
The endoplasm hits you.
* * * LOW HITPOINT WARNING * * *
The endoplasm hits you.
You die...

, * ########## ########
#........# #.......
####........# #.......
............# #....... ,
..!...J.....# #.......
......J@)...#####.......
,
......r.....'...........
...........)#####.......
* ####........# #.......
#........# #....... ,, *
#........#* *##.##### ,
##########*, ..# , * ,
,*#### ,, *


You could see 2 endoplasms and a quokka.

Vanquished Creatures
  A bat (D:1)
  A goblin (D:1)
  A kobold (D:1)
3 creatures vanquished.

Notes
Turn   | Place    | Note
-------+----------+-------------------------------------------
     0 | D:1      | MrFrogsmire the Meteoran Wanderer began the quest for the
                  | Orb.
     0 | D:1      | MrFrogsmire set off with the following items: a +3 spear, 9
                  | boomerangs, a +0 dagger, a scroll of silence, a +0 leather
                  | armour.
     0 | D:1      | Reached XP level 1. HP: 22/22 MP: 2/2
    75 | D:1      | HP: 1/22 [endoplasm (2)]
    75 | D:1      | Slain by an endoplasm

Illustrated notes

Levels and vault maps discovered:
D:1:      tarquinn_simple_flora_water_a, layout_basic, minmay_bisected

Action                   || total
-------------------------++-------
Melee: Spear             ||    10
Armor: Leather armour    ||     2
Dodge: Dodged            ||     7

Table legend: (Time is in decaauts)
 A = Elapsed time spent in this place.
 B = Non-inter-level travel time spent in this place.
 C = Inter-level travel time spent in this place.
 D = Time resting spent in this place.
 E = Time spent auto-exploring this place.
 F = Levels seen in this place.
 G = Mean time per level.
                   A        B        C        D        E       F      G
               +--------+--------+--------+--------+--------+-----+--------+
         Total |     74 |     16 |     58 |      0 |      0 |   1 |   74.0 |
       Dungeon |     74 |     16 |     58 |      0 |      0 |   1 |   74.0 |
               +--------+--------+--------+--------+--------+-----+--------+

Top non-repeatable levels by time:
     D:1: 74 daAuts
